 Dungeon Crawl Stone Soup version 0.17.1-3-g152610e (webtiles) character file.

8206 Gargoyl the Protected (level 11, -1/77 HPs)
             Began as a Demonspawn Abyssal Knight on Feb 27, 2016.
             Was a High Priest of Lugonu.
             Slain by an orc warrior
             ... wielding a +0 scimitar
              (3 damage)
             ... on level 9 of the Dungeon.
             The game lasted 00:48:25 (13400 turns).

Gargoyl the Protected (Demonspawn Abyssal Knight)  Turns: 13400, Time: 00:48:26

Health: -1/77      AC: 21    Str: 17    XL:     11   Next: 6%
Magic:  15/15      EV:  5    Int: 14    God:    Lugonu [*****.]
Gold:   487        SH: 12    Dex: 18    Spells: 0 memorised, 10 levels left

rFire  . . .     SeeInvis .     x - +0 hand axe (venom)
rCold  + . .     Clarity  .     v - +0 plate armour
rNeg   . . .     SustAt   +     D - +2 shield
rPois  .         Gourm    .     f - +1 hat
rElec  .         Spirit   .     g - +0 cloak {+Inv}
rCorr  .         Warding  .     b - +1 pair of gloves "Ehu Taif" {Dex+3}
rMut   .         Stasis   .     (no boots)
MR     .....                    r - amulet of faith
Stlth  ..........               (no ring)
                                E - ring of sustain attributes

@: not resistant to hostile enchantments, extremely unstealthy
A: hooves 2, horns 1, icy blue scales 2, agile 1, cold resistance 1, demonic
guardian 1, deterioration 1, frail 1, powered by pain 1, strong 1
a: Depart the Abyss, Bend Space, Banish, Corrupt, Enter the Abyss, Renounce
Religion, Evoke Invisibility


You were on level 9 of the Dungeon.
You worshipped Lugonu.
Lugonu was extremely pleased with you.
You were not hungry.

You visited 2 branches of the dungeon, and saw 10 of its levels.
You visited the Abyss 1 time.
You also visited: Sewer.

You collected 572 gold pieces.
You spent 85 gold pieces at shops.

Inventory:

Hand Weapons
 t - a +0 flail
 x - a +0 hand axe of venom (weapon)
 z - a +0 war axe
Missiles
 p - 11 tomahawks (quivered)
Armour
 b - the +1 pair of gloves "Ehu Taif" (worn) {Dex+3}
   (You acquired it on level 6 of the Dungeon)

   It affects your dexterity (+3).
 f - a +1 hat (worn)
 g - a +0 cloak of invisibility (worn)
 v - a +0 plate armour (worn)
 D - a +2 shield (worn)
Jewellery
 m - an uncursed amulet of the gourmand
 r - an amulet of faith (around neck)
 E - a ring of sustain attributes (left hand)
Wands
 c - a wand of enslavement (0)
 h - a wand of frost (24)
 o - a wand of slowing (31)
 u - a wand of confusion (30)
 B - a wand of paralysis (21)
Scrolls
 a - a scroll of enchant weapon
 d - 5 scrolls of identify
 i - 6 scrolls of fear
 j - a scroll of teleportation
 k - a scroll of blinking
 s - 2 scrolls of fog
 y - a scroll of amnesia
 C - 2 scrolls of remove curse
Potions
 e - 2 potions of flight
 n - a potion of magic
 A - a potion of haste
Comestibles
 l - 5 fruits
 q - 7 meat rations
 w - 4 slices of pizza


   Skills:
 + Level 8.1 Fighting
 + Level 7.4 Axes
 + Level 0.3(4.5) Maces & Flails
 + Level 1.6 Throwing
 + Level 8.9 Armour
 + Level 3.6 Dodging
 + Level 1.9 Stealth
 + Level 6.1 Shields
 + Level 5.5 Invocations


You had 10 spell levels left.
You didn't know any spells.

Dungeon Overview and Level Annotations

Branches:
Dungeon (9/15)             Temple (0/1) D:6             Orc (1/4) D:9
   Lair: D:8-11

Altars:
Ashenzari
Cheibriados
Dithmenos
Fedhas
Gozag
Nemelex Xobeh
Okawaru
Qazlal
Sif Muna
Vehumet
Xom
Yredelemnul
Zin

Shops:
D:7 [(*[


Innate Abilities, Weirdness & Mutations

You have hoof-like feet.
You are mostly covered in icy blue scales (AC +3, EV -1).
Your flesh is cold resistant.
A weak demonic guardian rushes to your aid.
You sometimes gain a little power by taking damage.
You have a pair of small horns on your head.
You are agile. (Dex +2)
Your body sometimes deteriorates upon taking damage.
You are frail (-10% HP).
Your muscles are strong. (Str +2)


Message History

Unknown command.
Unknown command.
Unknown command.
Unknown command.
You hit the orc warrior but do no damage.
The orc warrior is poisoned.
You kick the orc warrior, but do no damage.
The orc warrior is moderately wounded.
The orc warrior hits you with a scimitar.
* * * LOW HITPOINT WARNING * * *
You hit the orc warrior but do no damage.
The orc warrior looks even sicker.
Your headbutt misses the orc warrior.
The orc warrior is heavily wounded.
The orc warrior hits you with a scimitar!
* * * LOW HITPOINT WARNING * * *
You hit the orc warrior but do no damage.
Your kick misses the orc warrior.
The orc warrior is heavily wounded.
The orc warrior hits you with a scimitar.
You die...

)####..........#.......#.......#
#...).>..)....))..)....'.......#
...##...##.....#.......#.......#
...##'##############)..#.......#
...##...#..............#.......#
...##...#....###'#######.......#
...##...'....#8..[8#...........#
#..##...#....#..o..#...........#
.########....#..@..####........#
.#############.....# #........#
†............#8...8####........#
.............#######.......>.[.#
...............#...............#
...............#...............#
##########'#####..............<#
...................##.....####.#
............###....##.....####.#


You could see an orc warrior.

Vanquished Creatures
  2 trolls
  Grinder (D:6)
  2 yaks (D:8)
  A deep elf mage (D:9)
  A hippogriff (D:8)
  A soldier ant (D:8)
  Menkaure (D:6)
  3 sky beasts
  3 ice beasts
  2 black bears (D:9)
  A necrophage (D:7)
  7 ogres
  8 orc warriors
  A phantom (D:8)
  A centaur (D:8)
  3 big kobolds
  3 giant frogs
  4 gnoll sergeants
  A scorpion (D:7)
  4 wights (D:7)
  7 killer bees
  5 crimson imps
  2 jellies (D:7)
  An electric eel (D:8)
  2 orc wizards
  4 orc priests
  2 hounds
  A giant frog skeleton (D:7)
  Jessica (D:3)
  2 gnoll shamans
  2 iguanas
  11 worker ants
  2 sheep (D:8)
  A hound zombie (D:6)
  6 adders
  25 gnolls
  2 worker ant zombies (D:8)
  3 oozes
  7 worms
  14 giant geckos
  35 orcs
  11 giant cockroaches
  7 hobgoblins
  17 jackals
  7 quokkas
  3 ball pythons
  16 bats
  A giant gecko zombie (D:6)
  2 giant newts (D:1)
  7 goblins
  7 kobolds
  A quokka skeleton (D:6)
  3 rats
  2 plants
269 creatures vanquished.

Vanquished Creatures (collateral kills)
  A yak (D:8)
  2 ice beasts
  An ogre (D:5)
  A necrophage (D:5)
  A big kobold (D:8)
  2 giant frogs
  A wight (D:7)
  An orc priest (D:8)
  An orc (Orc:1)
11 creatures vanquished.

Vanquished Creatures (others)
  An ice dragon (shapeshifter) (D:8)
  The ghost of chimenez the Basher, a novice GrFi of Okawaru (D:9)
  An ugly thing (D:9)
  4 fungi (D:8)
7 creatures vanquished.

Grand Total: 287 creatures vanquished

Notes
Turn   | Place    | Note
--------------------------------------------------------------
     0 | Abyss:1  | Gargoyl the Demonspawn Abyssal Knight began the quest for the Orb.
     0 | Abyss:1  | Reached XP level 1. HP: 18/18 MP: 2/2
    60 | Abyss:1  | Noticed a thrashing horror
    64 | D:1      | Escaped the Abyss
   182 | D:1      | Reached skill level 1 in Dodging
   187 | D:1      | Reached * piety under Lugonu
   192 | D:1      | Gained mutation: You are partially covered in icy blue scales (AC +1). [demonic ancestry]
   192 | D:1      | Reached XP level 2. HP: 22/24 MP: 3/3
   390 | D:1      | Found a sparkling altar of Nemelex Xobeh.
   546 | D:1      | Reached XP level 3. HP: 26/29 MP: 5/5
  1220 | D:2      | You fall through a shaft!
  1602 | D:3      | Noticed Jessica
  1616 | D:3      | Killed Jessica
  1616 | D:3      | Reached XP level 4. HP: 32/37 MP: 6/6
  1627 | D:3      | Reached ** piety under Lugonu
  1630 | D:3      | Found a deep blue altar of Sif Muna.
  1632 | D:3      | Found a radiant altar of Vehumet.
  3097 | D:4      | Gained mutation: A weak demonic guardian rushes to your aid. [demonic ancestry]
  3097 | D:4      | Reached XP level 5. HP: 40/42 MP: 7/7
  3195 | D:4      | Reached skill level 4 in Fighting
  3371 | D:4      | Found an opulent altar of Gozag.
  4000 | D:4      | Found a snail-covered altar of Cheibriados.
  4092 | D:5      | Entered Level 5 of the Dungeon
  4170 | D:5      | Noticed an ogre
  4181 | D:5      | Killed an ogre
  4181 | D:5      | Gained mutation: You are mostly covered in icy blue scales (AC +3, EV -1). [demonic ancestry]
  4181 | D:5      | Reached XP level 6. HP: 47/49 MP: 8/8
  4183 | D:5      | Noticed an ogre
  4208 | D:5      | Killed an ogre
  4579 | D:5      | Found a glowing drain.
  4606 | Sewer    | Entered a sewer
  4611 | Sewer    | Reached *** piety under Lugonu
  5126 | Sewer    | Reached skill level 5 in Fighting
  5351 | D:5      | Reached XP level 7. HP: 49/56 MP: 9/9
  5431 | D:5      | Noticed a sky beast
  5452 | D:5      | Killed a sky beast
  5834 | D:5      | Noticed a necrophage
  5843 | D:5      | Killed a necrophage
  6215 | D:6      | Noticed Menkaure
  6232 | D:6      | Killed Menkaure
  6291 | D:6      | Reached **** piety under Lugonu
  6643 | D:6      | Reached skill level 5 in Armour
  6643 | D:6      | Gained mutation: You have large cloven feet. [demonic ancestry]
  6643 | D:6      | Reached XP level 8. HP: 46/64 MP: 10/10
  6775 | D:6      | Reached skill level 5 in Axes
  6823 | D:6      | Reached skill level 6 in Fighting
  6876 | D:6      | Noticed Grinder
  6896 | D:6      | Killed Grinder
  7052 | D:6      | Found a staircase to the Ecumenical Temple.
  7190 | D:6      | Reached skill level 1 in Throwing
  7372 | D:7      | Found Sosmul's Antique Armour Emporium.
  7781 | D:7      | Gained mutation: You are frail (-10% HP). [mutagenic meat]
  7782 | D:7      | Gained mutation: Your muscles are strong. (Str +2) [mutagenic meat]
  7783 | D:7      | Gained mutation: Your body sometimes deteriorates upon taking damage. [mutagenic meat]
  7784 | D:7      | Gained mutation: You have a pair of small horns on your head. [mutagenic meat]
  7789 | D:7      | Found Ryhawiast's Antique Armour Shop.
  7824 | D:7      | Reached ***** piety under Lugonu
  7824 | D:7      | Gained mutation: You have hoof-like feet. [demonic ancestry]
  7824 | D:7      | Reached XP level 9. HP: 28/63 MP: 11/11
  7998 | D:7      | Gained mutation: You are agile. (Dex +2) [potion of beneficial mutation]
  8100 | D:7      | Reached skill level 1 in Stealth
  8243 | D:7      | Found a glowing silver altar of Zin.
  8245 | D:7      | Found Zin's Purification Station.
  8316 | D:7      | Reached skill level 1 in Shields
  8725 | D:7      | Reached skill level 7 in Fighting
  8749 | D:7      | Found Jujyud's Antique Armour Emporium.
  8809 | D:6      | Identified a scroll of acquirement
  8810 | D:6      | Got a pair of ancient gloves
  8821 | D:6      | Identified the +1 pair of gloves "Ehu Taif" {Dex+3} (You acquired it on level 6 of the Dungeon)
  8903 | D:7      | Bought an embroidered cloak for 85 gold pieces
  8977 | D:7      | Found Qall's Weapon Emporium.
  9219 | D:8      | Got an iridescent falchion
  9220 | D:8      | Identified the +7 falchion of Amotuamn {pain, Str-2 Dex+6} (You found it on level 8 of the Dungeon)
  9643 | D:8      | Noticed a two-headed hydra
  9664 | D:8      | HP: 3/64 [three-headed hydra (4)]
  9665 | D:8      | Banished a three-headed hydra
  9665 | D:8      | Gained mutation: You sometimes gain a little power by taking damage. [demonic ancestry]
  9665 | D:8      | Reached XP level 10. HP: 3/71 MP: 4/12
 10004 | D:8      | Noticed an ice dragon
 10012 | D:8      | Banished an ice dragon
 10300 | D:8      | Found a shadowy altar of Dithmenos.
 10399 | D:8      | Found a blossoming altar of Fedhas.
 10404 | D:8      | Found a stormy altar of Qazlal.
 10412 | D:8      | Noticed an eight-headed hydra
 10419 | D:8      | Banished an eight-headed hydra
 10419 | D:8      | Reached skill level 8 in Armour
 10794 | D:8      | Found a basalt altar of Yredelemnul.
 10867 | D:8      | Reached skill level 5 in Invocations
 11113 | D:9      | Noticed chimenez's ghost (novice GrFi)
 11130 | D:9      | Banished chimenez's ghost
 11186 | D:9      | Noticed a cyan ugly thing
 11194 | D:9      | Banished a cyan ugly thing
 11194 | D:9      | Reached skill level 5 in Shields
 11513 | D:9      | Found a shattered altar of Ashenzari.
 11606 | D:9      | Found a staircase to the Orcish Mines.
 11964 | D:9      | Found a shimmering altar of Xom.
 11985 | D:9      | Found an iron altar of Okawaru.
 12982 | D:9      | Gained mutation: Your flesh is cold resistant. [demonic ancestry]
 12982 | D:9      | Reached XP level 11. HP: 73/77 MP: 15/15
 13161 | Orc:1    | Entered Level 1 of the Orcish Mines
 13399 | D:9      | HP: 1/77 [orc warrior/scimitar (10)]
 13400 | D:9      | Slain by an orc warrior

Action                   |  1- 3 |  4- 6 |  7- 9 | 10-12 || total
-------------------------+-------+-------+-------+-------++-------
Melee: Hand axe          |   148 |   195 |   478 |   320 ||  1141
       War axe           |       |   137 |       |       ||   137
       Flail             |       |       |     5 |    10 ||    15
Throw: Tomahawk          |       |     5 |     9 |     3 ||    17
Invok: Depart the Abyss  |     1 |       |       |       ||     1
       Banish            |       |       |     2 |     7 ||     9
  Use: Scroll            |     3 |     4 |     7 |     1 ||    15
       Potion            |       |     5 |     9 |       ||    14
 Stab: Distracted        |       |       |     2 |     1 ||     3
  Eat: Bread ration      |     1 |     1 |     1 |     1 ||     4
       Chunk             |       |     7 |    11 |     2 ||    20
       Fruit             |       |       |     4 |     7 ||    11
       Pizza             |       |       |       |     2 ||     2
